 Dungeon Crawl Stone Soup version 0.30-a0-4-ga7cffc901d (webtiles) character file.

Game seed: 3927268079992525945

65 siradein the Purveyor of Pain (level 3, -3/29 HPs)
             Began as a Minotaur Necromancer on Aug 20, 2022.
             Was an Initiate of Kikubaaqudgha.
             Slain by a gnoll
             ... wielding a +0 flail
              (9 damage)
             ... on level 3 of the Dungeon.
             The game lasted 00:04:10 (3021 turns).

siradein the Purveyor of Pain (MiNe)                Turns: 3021, Time: 00:04:11

Health: -3/29      AC:  8    Str: 12    XL:     3   Next: 94%
Magic:  4/4        EV:  5    Int: 14    God:    Kikubaaqudgha [......]
Gold:   86         SH:  0    Dex: 10    Spells: 0/4 levels left

rFire   + . .      SeeInvis +    n - +0 whip
rCold   + . .      Faith    .    (no shield)
rNeg    . . .      Spirit   .    q - +0 chain mail
rPois   +          Reflect  .    (helmet restricted)
rElec   .          Harm     .    o - scarf {rC+ rF+}
rCorr   .          Rampage  .    (no gloves)
Will    .....                    (no boots)
Stlth   ..........               (no amulet)
HPRegen 0.09/turn                c - ring of poison resistance
MPRegen 0.09/turn                l - ring of see invisible

@: no status effects
A: horns 2, retaliatory headbutt
a: Renounce Religion


You were on level 3 of the Dungeon.
You worshipped Kikubaaqudgha.
Kikubaaqudgha was noncommittal.
You visited 1 branch of the dungeon, and saw 3 of its levels.

You collected 121 gold pieces.
You spent 35 gold pieces at shops.

Inventory:

Hand Weapons
 n - a +0 whip (weapon)
Armour
 o - a scarf of resistance (worn)
 q - a +0 chain mail (worn)
Jewellery
 c - a ring of poison resistance (left hand)
 l - a ring of see invisible (right hand)
Scrolls
 d - a scroll of fear
 e - a scroll of teleportation {unknown}
 f - a scroll of fog {unknown}
 h - a scroll of enchant armour {unknown}
 j - a scroll of immolation {unknown}
 k - 2 scrolls of poison {unknown}
 m - a scroll of noise {unknown}
 p - 2 scrolls of amnesia {unknown}
 r - a scroll of identify
Potions
 a - a potion of curing {unknown}
 b - a potion of magic
 g - a potion of ambrosia
 i - 2 potions of flight {unknown}


   Skills:
 + Level 2.2 Fighting
 + Level 1.2 Maces & Flails
 + Level 2.2 Armour
 - Level 2.1 Dodging
 - Level 1.5 Stealth
 - Level 1.3 Spellcasting
 + Level 3.3 Necromancy


You couldn't memorise any spells.
You knew the following spells:

 Your Spells              Type           Power      Damage    Failure   Level
a - Necrotise             Necr           40%        1d6       95%         1
b - Vampiric Draining     Necr           10%        2d6       100%        3

Your spell library contained the following spells:

 Spells                   Type           Power      Damage    Failure   Level
 Animate Dead             Necr           10%        N/A       100%        4
 Agony                    Necr           10%        N/A       100%        5


Dungeon Overview and Level Annotations

Branches:
Dungeon (3/15)

Altars:
Kikubaaqudgha

Shops:
D:1 :(?!=


Innate Abilities, Weirdness & Mutations

You have a pair of horns on your head.
You reflexively headbutt those who attack you in melee.


Message History

You hit the orc.
You kill the orc!
Kikubaaqudgha accepts your kill. The endoplasm freezes you.
You are frozen.
You resist.
You hit the endoplasm.
The endoplasm is almost dead.
The endoplasm hits you but does no damage.
You hit the endoplasm.
You kill the endoplasm!
Kikubaaqudgha accepts your kill.
No target in view!
No target in view!
You see here a +0 dagger of speed.
r - a scroll of identify
Found an escape hatch in the ceiling.
There is an escape hatch in the ceiling here.
A gnoll comes into view. It is wielding a +0 flail.
A gnoll is nearby!
A gnoll is nearby!
A gnoll is nearby!
A gnoll is nearby!
A gnoll comes into view. It is wielding a +0 spear.
The gnoll shouts!
You barely miss the gnoll. The gnoll hits you with a +0 flail.
A gnoll comes into view. It is wielding a +0 spear.
You completely miss the gnoll.
The gnoll shouts!
The gnoll hits you with a +0 flail!
You barely miss the gnoll. The gnoll closely misses you.
The gnoll hits you with a +0 flail.
You are too injured to fight recklessly!
The gnoll attacks as you move away! The gnoll barely misses you.
You furiously retaliate!
You headbutt the gnoll. The gnoll attacks as you move away!
The gnoll hits you with a +0 flail.
* * * LOW HITPOINT WARNING * * *
The gnoll attacks as you move away! The gnoll hits you but does no damage.
The gnoll attacks as you move away! The gnoll hits you with a +0 flail!
You die...
Kikubaaqudgha rasps: "You have failed me!
Welcome... death!"

#.# #.###.# #.# #.....## .
#.#############....########.
#.##.............#.##.......
#.##.#######.....#.##.......
#.##.##............##.......
#.##.>......................
#.##..#.......g.g##.........
####.##.......@g....##.........
#........#......######.........
#.##.....#...)..# #.........
#.########......# #.........
#<# #.##.### #....##...
#.###### #.##.########....##...
#......# #............######...
######.# #............# #....
#.# #............#####....


You could see 3 gnolls.

Vanquished Creatures
  An adder (D:2)
  3 dart slugs
  2 orcs (D:3)
  7 bats
  4 endoplasms
  4 goblins
  3 hobgoblins
  2 jackals (D:1)
  2 quokkas
  3 ball pythons
  4 frilled lizards
  7 kobolds
  6 rats
48 creatures vanquished.

Vanquished Creatures (others)
  5 toadstools (D:1)
5 creatures vanquished.

Grand Total: 53 creatures vanquished

Notes
Turn   | Place    | Note
-------+----------+-------------------------------------------
     0 | D:1      | siradein the Minotaur Necromancer began the quest for the
                  | Orb.
     0 | D:1      | Reached XP level 1. HP: 14/14 MP: 1/1
    26 | D:1      | Reached skill level 3 in Necromancy
   156 | D:1      | Reached skill level 1 in Fighting
   156 | D:1      | Reached skill level 1 in Armour
   204 | D:1      | Reached XP level 2. HP: 23/23 MP: 0/3
   436 | D:1      | Found Opseps's Magic Scroll Shop.
   454 | D:1      | Bought a scroll of identify for 22 gold pieces
   665 | D:1      | Found Xumpo's Distillery.
   807 | D:1      | Found Utef's Book Shoppe.
  1144 | D:1      | Found Pugguir's Weapon Emporium.
  1164 | D:1      | Bought a potion of degeneration for 13 gold pieces
  1174 | D:1      | Found Bykeetio's Jewellery Shop.
  1354 | D:2      | Found an ancient bone altar of Kikubaaqudgha.
  1413 | D:2      | Became a worshipper of Kikubaaqudgha
  1451 | D:2      | Reached XP level 3. HP: 29/29 MP: 4/4
  1855 | D:2      | Reached skill level 1 in Maces & Flails
  2383 | D:2      | Learned a level 3 spell: Vampiric Draining
  3021 | D:3      | Slain by a gnoll

Illustrated notes

Levels and vault maps discovered:
D:1:      ldierk_walled_garden, layout_loops_corners, serial_shops,
          nicolae_shop_hallway_stairs, shop, shop, nicolae_shop_window_shopping,
          shop, nicolae_hexahallways
D:2:      layout_basic, basic_altar
D:3:      minmay_goblin_kobold_castle, layout_basic,
          nicolae_hepliaklqana_hippocampus

Skill      XL: |  1  2  3 |
---------------+----------+-----
Necromancy     | 3 |  3.3
Fighting       | 1 2 |  2.2
Armour         | 1 2 |  2.2
Maces & Flails | 1 |  1.2
Dodging        | |  2.1
Stealth        | |  1.5
Spellcasting   | |  1.3

Action                   || total
-------------------------++-------
Melee: Unarmed           ||     7
       Headbutt          ||    15
       Short sword       ||    61
       Dagger            ||     6
       Whip              ||    42
 Cast: Necrotise         ||    12
  Use: Scroll            ||     2
 Stab: Sleeping          ||     3
Armor: Robe              ||    25
       Chain mail        ||     8
Dodge: Dodged            ||    83

Table legend: (Time is in decaauts)
 A = Elapsed time spent in this place.
 B = Non-inter-level travel time spent in this place.
 C = Inter-level travel time spent in this place.
 D = Time resting spent in this place.
 E = Time spent auto-exploring this place.
 F = Levels seen in this place.
 G = Mean time per level.
                   A        B        C        D        E       F      G
               +--------+--------+--------+--------+--------+-----+--------+
         Total |   3028 |   2888 |    140 |      0 |   2513 |   3 | 1009.3 |
       Dungeon |   3028 |   2888 |    140 |      0 |   2513 |   3 | 1009.3 |
               +--------+--------+--------+--------+--------+-----+--------+

Top non-repeatable levels by time:
     D:1: 1323 daAuts
     D:2: 1066 daAuts
     D:3: 638 daAuts
